Map: Turbo Cruise '84 LE

Players

Indra

  • Race: Protoss Protoss
  • League: Gold
  • Spawn Location: 3:00

SandboX - Winner!

  • Race: Zerg Zerg
  • League: Gold
  • Spawn Location: 7:00

VOD

Have the link to the VOD?

Description

Time

  • Played on: Aug. 10, 2019, 5:33 p.m.
  • Length: 10:56
Show
View Real Time Build Order
Export as new Build Order

Indra Protoss 

Build Orders:  

Get SALT Encoding   

  1  0:00  Probe  
  12  0:05  Probe  
  14  0:20  Pylon  
  14  0:22  Probe  
  15  0:40  Probe  
  15  0:42  Gateway  
  16  0:49  Assimilator  
  16  0:55  Probe  
  17  1:06  Gateway  
  17  1:08  Probe  
  18  1:24  Probe  
  19  1:29  Cybernetics Core  
  19  1:31  Pylon  
  19  1:36  Zealot  
  21  1:40  Probe  
  21  1:45  Warp Gate  
  22  1:59  Gateway  
  22  2:07  Stalker  
  24  2:11  Probe  
  25  2:16  Assimilator  
  25  2:25  Gateway  
  25  2:31  Probe  
  26  2:45  Pylon  
  26  2:58  Probe  
  27  3:15  Pylon  
  27  3:20  Probe  
  28  3:27  Pylon  
  28  3:35  Pylon  
  28  3:40  Zealot  
  27  3:53  Stalker  
  27  3:54  Stalker x2  
  33  4:12  Stalker  
  35  4:30  Stalker  
  35  4:31  Stalker x2  
  39  4:37  Stalker  
  29  4:55  Zealot x2  
  29  4:56  Zealot  
  23  5:09  Zealot x3  
  23  5:11  Sentry  
  23  5:13  Nexus  
  31  5:17  Probe  
  32  5:25  Probe  
  32  5:34  Probe  
  33  5:40  Robotics Facility  
  34  5:46  Zealot x2  
  38  5:52  Probe  
  39  6:04  Probe  
  40  6:21  Zealot  
  40  6:22  Stalker  
  40  6:23  Stalker x2  
  40  6:24  Probe  
  47  6:32  Probe  
  48  6:35  Probe  
  50  6:46  Immortal  
  54  6:52  Probe  
  55  6:55  Pylon  
  55  7:00  Pylon  
  56  7:01  Probe  
  56  7:07  Probe  
  57  7:12  Assimilator  
  57  7:24  Robotics Facility  
  57  7:31  Immortal  
  57  7:34  Probe  
  57  7:35  Probe  
  63  7:38  Assimilator  
  63  7:49  Forge  
  63  7:50  Probe  
  63  7:51  Probe, Protoss Ground Weapons Level 1  
  65  7:53  Pylon  
  65  7:55  Sentry  
  65  7:56  Zealot  
  69  8:12  Immortal  
  73  8:16  Immortal  
  77  8:27  Probe  
  77  8:28  Probe  
  77  8:33  Pylon  
  79  8:34  Pylon  
  77  8:59  Immortal  
  77  9:00  Immortal  
  85  9:07  Probe  
  86  9:17  Twilight Council  
  86  9:19  Zealot  
  86  9:20  Zealot x2  
  92  9:34  Nexus  
  92  9:38  Probe  
  62  10:07  Stalker x4  
  52  10:31  Stalker x2  
  52  10:33  Sentry x2  
Show
View Real Time Build Order
Export as new Build Order

SandboX Zerg - Winner!

Build Orders: Hatch First 

Get SALT Encoding   

  12  0:01  Drone  
  13  0:12  Overlord  
  13  0:26  Drone  
  14  0:30  Drone x2  
  16  0:37  Drone  
  17  0:55  Hatchery  
  16  0:58  Drone  
  16  1:00  Drone  
  18  1:17  Extractor  
  17  1:19  Spawning Pool  
  17  1:24  Drone x2  
  18  1:42  Drone x2  
  20  1:54  Overlord  
  20  2:06  Zergling x2  
  20  2:07  Zergling x2  
  22  2:09  Queen x2  
  26  2:18  Metabolic Boost  
  26  2:20  Drone x2  
  28  2:33  Drone x2  
  30  2:40  Overlord  
  30  2:50  Hatchery  
  29  2:59  Drone x3  
  29  3:01  Zergling x2  
  33  3:06  Overlord  
  33  3:09  Drone  
  34  3:13  Drone  
  35  3:22  Spore Crawler  
  34  3:42  Drone  
  34  3:43  Drone x7  
  42  3:52  Overlord x3  
  42  3:58  Zergling x4  
  44  4:04  Roach Warren  
  44  4:05  Queen  
  44  4:13  Zergling x8  
  46  4:25  Zergling x2  
  46  4:26  Zergling x14  
  47  4:40  Zergling x8  
  49  4:51  Zergling x6  
  47  5:22  Extractor x2  
  47  5:25  Drone x9  
  47  5:27  Queen  
  56  5:30  Queen  
  58  5:39  Spore Crawler  
  58  5:41  Spore Crawler  
  56  5:45  Spore Crawler  
  56  5:46  Spore Crawler x2  
  56  5:47  Drone x4  
  57  5:57  Drone x4  
  57  6:02  Lair  
  61  6:12  Evolution Chamber  
  61  6:13  Evolution Chamber  
  61  6:14  Drone x3  
  62  6:31  Drone x2  
  62  6:32  Drone x8  
  72  6:41  Zerg Ground Armor Level 1, Zerg Missile Weapons Level 1  
  72  6:51  Extractor  
  72  6:53  Extractor  
  70  7:09  Roach  
  70  7:11  Zergling x2  
  70  7:14  Overlord x2  
  70  7:15  Overlord x3  
  73  7:37  Drone, Hatchery  
  73  7:38  Drone x6  
  73  7:44  Roach x6  
  91  7:55  Queen  
  93  8:05  Glial Reconstitution  
  93  8:07  Hydralisk Den  
  93  8:11  Overseer x2  
  93  8:12  Overseer x3  
  92  8:16  Roach x7  
  92  8:17  Roach x3  
  112  8:20  Overlord x2  
  112  8:21  Overlord x2  
  112  8:41  Hydralisk x7  
  126  8:51  Muscular Augments  
  126  9:07  Hydralisk x5  
  136  9:22  Hydralisk x6  
  148  9:25  Overlord  
  148  9:27  Overlord  
  146  9:54  Hydralisk x11  
  149  10:02  Roach x4  
  137  10:12  Roach x4  
  137  10:13  Roach  
  117  10:23  Roach x6  
Tags
 
Add a new tag
Caveats
  • Supply blocks, unpowered buildings, or Contaminate may cause inaccurate times.
  • Supply counts are checked every 10 seconds.